 Dungeon Crawl Stone Soup version 0.26-a0-712-ga5a9c9c9d0 (webtiles) character file.

Game seed: 17091508494158514268

68 kae the Insei (level 4, -3/28 HPs)
             Began as an Octopode Transmuter on Nov 10, 2020.
             Slain by Natasha (9 damage)
             ... on level 2 of the Dungeon.
             The game lasted 00:00:52 (1691 turns).

kae the Insei (Octopode Transmuter)                 Turns: 1691, Time: 00:00:52

Health: -3/28      AC:  1    Str: 10    XL:     4   Next: 19%
Magic:  6/7        EV: 13    Int: 15    God:
Gold:   110        SH:  0    Dex: 12    Spells: 3/7 levels left

rFire    . . .     SeeInvis .     - Unarmed
rCold    + . .     Faith    .   (no shield)
rNeg     . . .     Spirit   .   (helmet currently unavailable)
rPois    .         Reflect  .   (no amulet)
rElec    .         Harm     .   i - ring of protection from cold
rCorr    .         Rampage  .   (no ring)
MR       .....                  (no ring)
Stlth    ++........             (no ring)
HPRegen  0.09/turn              (no ring)
MPRegen  0.10/turn              (no ring)
                                (no ring)
                                (no ring)

@: appendages, slowed, very slow
A: almost no armour, stealthy swim, amphibious, 8 rings, constrict 8, tentacle
spike 3, camouflage 1, gelatinous body 1
a: End Transformation


You were on level 2 of the Dungeon.
One of your tentacles had a temporary spike.
You visited 1 branch of the dungeon, and saw 2 of its levels.

You collected 110 gold pieces.

Inventory:

Jewellery
 i - a ring of protection from cold (left tentacle)
Scrolls
 b - 2 scrolls of identify
 f - 2 scrolls of enchant weapon {unknown}
 j - a scroll of remove curse {unknown}
Potions
 a - a potion of cancellation {unknown}
 d - a potion of stabbing
 e - a potion of invisibility {unknown}
 g - a potion of curing {unknown}
 h - a potion of lignification {unknown}
 k - a potion of heal wounds {unknown}


   Skills:
 + Level 1.5 Fighting
 + Level 2.3 Dodging
 * Level 3.5 Unarmed Combat
 + Level 2.3 Spellcasting
 * Level 3.0 Transmutations


You had 3 spell levels left.
You knew the following spells:

 Your Spells              Type           Power        Failure   Level
a - Beastly Appendage     Tmut           ##....       6%          1
b - Spider Form           Tmut/Pois      #.........   34%         3

Your spell library contained the following spells:

 Spells                   Type           Power        Failure   Level
 Wereblood                Tmut           ##......     10%         2
 Ice Form                 Ice/Tmut       #.......     75%         4
 Blade Hands              Tmut           ##........   86%         5


Dungeon Overview and Level Annotations

Branches:
Dungeon (2/15)

Altars:

Annotations:
D:2 Natasha


Innate Abilities, Weirdness & Mutations

You cannot wear most types of armour.
You are very stealthy in the water. (Stealth+)
You are amphibious.
You can wear up to eight rings at the same time.
You can use your tentacles to constrict eight enemies at once.
Your skin changes colour to match your surroundings (Stealth+).
Your rubbery body absorbs attacks. (AC +1, EV +1)
One of your tentacles bears a large vicious spike.


Message History

You barely miss Natasha. Your grab misses Natasha.
Your tentacle spike misses Natasha.
Natasha casts a spell.
You tentacle-slap Natasha but do no damage.
You grab Natasha.
You constrict Natasha, but do no damage.
Natasha casts a spell at you.
You feel yourself slow down. The iron imp hits you!
You are too injured to fight recklessly!
You are too injured to fight recklessly!
You are too injured to fight recklessly!
You are too injured to fight recklessly!
You are too injured to fight recklessly!
You tentacle-slap Natasha.
You pierce Natasha!
You squeeze Natasha.
Natasha is severely wounded.
You constrict Natasha. Natasha claws you but does no damage.
The iron imp hits you!
* * * LOW HITPOINT WARNING * * *
Natasha claws you!
You die...

.....######.###### ############
#.##.#.......#########..........#
#..#+#..................#######.#
#.......#######################.#
................#### ###[.......#
.#.....#.######.##.###.####.#.###
..................#.#_#.#...#.#
...........#....####.###.####.#
.#.........'....@hr### ### #.#
.#.........#.)..55...... #.#
.#..<....#.#............ ..#
.#.......# #............ ###
.#.......# ##.###'###...
.###.#...# ## .. ## ####.#.###
... .....#.# ... ######
######.###+# #....##


You could see an iron imp (summoned), Natasha, a white imp (summoned) and a rat.

Vanquished Creatures
  Natasha (D:2)
  An adder (D:2)
  An ooze (D:2)
  A worm (D:2)
  A dart slug (D:2)
  5 giant cockroaches
  3 goblins (D:1)
  5 kobolds (D:1)
  5 bats
  A frilled lizard (D:1)
  4 rats (D:1)
28 creatures vanquished.

Notes
Turn   | Place    | Note
-------+----------+-------------------------------------------
     0 | D:1      | kae the Octopode Transmuter began the quest for the Orb.
     0 | D:1      | Reached XP level 1. HP: 13/13 MP: 3/3
   265 | D:1      | Reached XP level 2. HP: 18/18 MP: 3/5
  1143 | D:2      | Reached XP level 3. HP: 23/23 MP: 4/6
  1148 | D:2      | Learned a level 3 spell: Spider Form
  1402 | D:2      | Noticed Natasha
  1408 | D:2      | Killed Natasha
  1408 | D:2      | Reached XP level 4. HP: 22/28 MP: 7/7
  1678 | D:2      | Found a faded altar of an unknown god.
  1685 | D:2      | Noticed Natasha
  1691 | D:2      | Slain by Natasha

Illustrated notes

Levels and vault maps discovered:
D:1:      mushboom_english_gardens, layout_loops_ring, minmay_worlds_worst_comb
D:2:      layout_basic, gammafunk_temple_overflow_pools,
          chequers_ecumenical_altar_twisty, serial_co_window_serial,
          co_window_paths_a, co_window_corner_a, co_window_paths_a,
          co_window_of_opportunity_a, co_window_paths_a, co_window_corner_b,
          co_window_paths_c, co_window_unsneaky_path_b,
          co_window_of_opportunity_b, co_window_of_opportunity_b,
          glass_columns_c, glass_columns_a, glass_columns_a, glass_columns_a,
          glass_columns_a, uniq_natasha

Skill      XL: |  1  2  3 |
---------------+----------+-----
Transmutations | 3 |  3.0
Fighting       | |  1.5
Dodging        | |  2.3
Unarmed Combat | |  3.5
Spellcasting   | |  2.3

Action                   |  1- 3 |  4- 6 || total
-------------------------+-------+-------++-------
Melee: Unarmed           |    53 |     6 ||    59
       Kick              |     4 |     1 ||     5
       Constrict         |    11 |     2 ||    13
       Tentacles         |     8 |     1 ||     9
 Cast: Beastly Appendage |    12 |     2 ||    14
  Use: Scroll            |     3 |       ||     3
 Stab: Sleeping          |     4 |       ||     4
Armor: Skin              |     7 |     1 ||     8
Dodge: Dodged            |    37 |     4 ||    41

Table legend: (Time is in decaauts)
 A = Elapsed time spent in this place.
 B = Non-inter-level travel time spent in this place.
 C = Inter-level travel time spent in this place.
 D = Time resting spent in this place.
 E = Time spent auto-exploring this place.
 F = Levels seen in this place.
 G = Mean time per level.
                   A        B        C        D        E       F      G
               +--------+--------+--------+--------+--------+-----+--------+
         Total |   1697 |   1682 |     15 |      0 |   1472 |   2 |  848.5 |
       Dungeon |   1697 |   1682 |     15 |      0 |   1472 |   2 |  848.5 |
               +--------+--------+--------+--------+--------+-----+--------+

Top non-repeatable levels by time:
     D:1: 1041 daAuts
     D:2: 655 daAuts
